[Event "Titled Tuesday Blitz April 12 Late 2022"]
[White "Minko, Dmitry"]
[Black "Sokolovsky, Yahli"]
[WhiteFideId "24188468"]
[BlackFideId "2820242"]
[WhiteElo "1928"]
[BlackElo "1770"]
[Result "0-1"]
[Round "10"]
[TimeControl "180+1"]
[Date "2022.04.12"]
[WhiteClock "0:00:03"]
[BlackClock "0:00:09"]

1. e4 g6 2. d4 Bg7 3. Nc3 d6 4. f4 a6 5. Nf3 b5 6. Bd3 Bb7 7. e5 e6 8. Be4 d5 9. Bd3 Ne7 10. Be3 h5 11. O-O Nd7 12. a4 b4 13. Ne2 a5 14. Bf2 Nf5 15. c3 Bf8 16. cxb4 Bxb4 17. Nc3 c5 18. Nb5 c4 19. Bxf5 gxf5 20. Bh4 Qb6 21. Kh1 Ba6 22. Nd6+ Bxd6 23. exd6 c3 24. Rf2 cxb2 25. Rb1 Qxd6 26. Ne5 Rb8 27. Rfxb2 Rxb2 28. Rxb2 Nxe5 29. fxe5 Qc7 30. Rc2 Qb6 31. Bf6 Rg8 32. Qc1 Kd7 33. h3 Rb8 34. Qd1 Qb3 35. Kh2 Bd3 36. Qxh5 Qxc2 37. Qxf7+ Kc6 38. Qxe6+ Kb7 39. Qxd5+ Qc6 40. Qxa5 Be4 41. Qb4+ Qb6 42. Qe7+ Qc7 43. Qb4+ Ka7 44. Qd2 Qc6 45. Qf2 Qd5 46. g4 fxg4 47. hxg4 Rb4 48. g5 Qxd4 49. Qf1 Rb2+ 50. Kg3 Qe3+ 51. Kh4 Rh2+ 52. Kg4 Rg2+ 53. Kh5 Qh3# 0-1


[Site "https://www.chess.com"]

[Event "Titled Tuesday Blitz April 12 Late 2022"]
[White "Mirzoev, Azer"]
[Black "Swicarz, Maciej"]
[WhiteFideId "13400304"]
[BlackFideId "1113585"]
[WhiteElo "2525"]
[BlackElo "2057"]
[Result "0-1"]
[Round "10"]
[TimeControl "180+1"]
[Date "2022.04.13"]
[WhiteClock "0:00:01"]
[BlackClock "0:00:13"]

1. c4 Nf6 2. Nc3 e6 3. e4 d5 4. e5 d4 5. exf6 dxc3 6. bxc3 Qxf6 7. Nf3 b6 8. Be2 Bb7 9. O-O g5 10. d4 h6 11. a4 Nd7 12. a5 g4 13. Nd2 h5 14. axb6 Nxb6 15. Bd3 h4 16. Be4 Bxe4 17. Nxe4 Qg6 18. Re1 f5 19. Nc5 Bxc5 20. dxc5 Nd7 21. c6 Nf8 22. Bf4 Rh7 23. Qd4 Qg7 24. Be5 Qe7 25. Rxa7 Rxa7 26. Qxa7 Ng6 27. Qb8+ Qd8 28. Qxd8+ Kxd8 29. Bf6+ Ke8 30. Rd1 Nf8 31. g3 hxg3 32. hxg3 Kf7 33. Be5 Ke8 34. c5 Ng6 35. Bf6 Ne7 36. Rd7 Rf7 37. Be5 Nxc6 38. Rxf7 Kxf7 39. Bxc7 e5 40. c4 Ke6 41. Kf1 Nd4 42. Bd6 Nc6 43. Ke2 Nd4+ 44. Kd3 Nc6 45. Kc3 Kd7 46. Kb3 Kc8 47. Ka4 Kb7 48. Kb3 Kc8 49. Kc3 Kd7 50. Kd3 Ke6 51. Ke3 Nb4 52. Kd2 Kd7 53. Bxe5 Kc6 54. Bd6 Na6 55. Ke3 Kd7 56. Kd4 Ke6 57. Bf4 Nb4 58. Kc3 Nc6 59. Kb3 Kd7 60. Ka4 Nd4 61. Be3 Nc6 62. Kb5 Ne5 63. Bf4 Nc6 64. Be3 Ne5 65. Bd4 Nc6 66. Bc3 Nd8 67. Bf6 Nc6 68. Kb6 Nb4 69. Bc3 Nc6 70. Kb5 Na7+ 71. Ka4 Nc6 72. Kb3 Ke6 73. Kc2 Ne7 74. Kd3 Nc6 75. Ke3 Ne7 76. c6 Nxc6 77. Kf4 Ne7 78. Ke3 Nc6 79. Bb2 Kd6 80. Ba3+ Ke6 81. Kd3 Ne5+ 82. Kd4 Nc6+ 83. Kc5 Ne7 84. Kb6 Ng6 85. Bc1 Ne5 86. Kb5 Nd3 87. Be3 Ne5 88. Bd4 Nd7 89. c5 Kd5 90. c6 Nf8 0-1


[Site "https://www.chess.com"]

[Event "Titled Tuesday Blitz April 12 Late 2022"]
[White "Naroditsky, Daniel"]
[Black "Paravyan, David"]
[WhiteFideId "2026961"]
[BlackFideId "4194985"]
[WhiteElo "2608"]
[BlackElo "2569"]
[Result "0-1"]
[Round "10"]
[TimeControl "180+1"]
[Date "2022.04.12"]
[WhiteClock "0:00:03"]
[BlackClock "0:00:03"]

1. e4 e5 2. Nf3 Nf6 3. Nc3 Nc6 4. d4 exd4 5. Nd5 Be7 6. Bd3 d6 7. h3 O-O 8. O-O Be6 9. Nxe7+ Qxe7 10. Bg5 h6 11. Bh4 Bd7 12. Re1 Rae8 13. Qd2 Qe6 14. b4 Nh5 15. g4 Ne5 16. Nxe5 dxe5 17. gxh5 Qxh3 18. Bg3 Qxh5 19. Bf1 b6 20. b5 Qg6 21. c3 h5 22. Bg2 Bxb5 23. cxd4 exd4 24. Bxc7 h4 25. Kh2 Re7 26. Bf4 d3 27. a4 Bc4 28. Rac1 b5 29. axb5 Bxb5 30. Rc5 a6 31. Rg5 Qh7 32. Bd6 h3 33. Bf3 Re6 34. Bxf8 Kxf8 35. Rh5 Qg6 36. Qb4+ Kg8 37. Rg1 Qf6 38. e5 Rxe5 39. Rxe5 Qxe5+ 40. Rg3 g6 41. Be4 Qf6 42. Bf3 Qd8 43. Qd2 Qd4 44. Rxh3 Bd7 45. Rg3 Bf5 46. Kg2 a5 47. Qe3 Qd6 48. Qa7 d2 49. Bd1 Kg7 50. Qe3 Qd5+ 51. Qf3 Be4 0-1


[Site "https://www.chess.com"]

[Event "Titled Tuesday Blitz April 12 Late 2022"]
[White "Nazaretyan, Tigran"]
[Black "Vasquez Schroeder, Rodrigo"]
[WhiteFideId "24162345"]
[BlackFideId "3400042"]
[WhiteElo "2225"]
[BlackElo "2561"]
[Result "0-1"]
[Round "10"]
[TimeControl "180+1"]
[Date "2022.04.12"]
[WhiteClock "0:00:02"]
[BlackClock "0:00:12"]

1. d4 Nf6 2. c4 e6 3. Nf3 Bb4+ 4. Bd2 c5 5. Bxb4 cxb4 6. g3 b6 7. Bg2 Bb7 8. O-O a5 9. a3 Na6 10. Qb3 O-O 11. Nbd2 d6 12. Rfd1 Qc7 13. Rac1 Rac8 14. Ne1 e5 15. e3 Rfe8 16. Nc2 Bxg2 17. Kxg2 Qb7+ 18. Kg1 exd4 19. exd4 b5 20. axb4 axb4 21. cxb5 Qxb5 22. Ne3 d5 23. Nf3 g6 24. Ne5 Kg7 25. Ra1 Nc7 26. Ra7 Rf8 27. Rda1 Ne6 28. Nf3 Qe2 29. Nxd5 Nxd5 30. Qxd5 Rc2 31. Qe5+ Qxe5 32. Nxe5 Nxd4 33. Rd1 Nb5 34. Rb7 Nc7 35. Rd7 Ne6 36. Nxf7 Nc5 37. Ne5+ Nxd7 38. Rxd7+ Kg8 39. Ng4 h5 40. Nh6+ Kh8 41. Nf7+ Kg7 42. Ng5+ Kg8 43. f4 Re8 44. Kf1 Ree2 45. Rd8+ Kg7 46. Rd7+ Kf8 0-1


[Site "https://www.chess.com"]

[Event "Titled Tuesday Blitz April 12 Late 2022"]
[White "Nozdrachev, Leonid"]
[Black "Stanisz, Patryk"]
[WhiteFideId "24113433"]
[BlackFideId "1123106"]
[WhiteElo "2242"]
[BlackElo "1833"]
[Result "1-0"]
[Round "10"]
[TimeControl "180+1"]
[Date "2022.04.13"]
[WhiteClock "0:01:31"]
[BlackClock "0:00:01"]

1. e4 b6 2. d3 Ba6 3. Nf3 g6 4. Be2 Bg7 5. O-O e6 6. d4 Bxe2 7. Qxe2 Ne7 8. c3 O-O 9. Nbd2 d6 10. Re1 c5 11. Nf1 cxd4 12. cxd4 Nbc6 13. Be3 d5 14. Ng3 dxe4 15. Nxe4 Nd5 16. Bg5 Qd7 17. Qd2 Rac8 18. Bh6 Rfd8 19. Bxg7 Kxg7 20. Rad1 h6 21. Ne5 Nxe5 22. dxe5 Qe7 23. Nd6 Rc5 24. g3 Rd7 25. a3 Rdc7 26. Qd3 R7c6 27. h4 Rc2 28. Rd2 Rxd2 29. Qxd2 h5 30. Kh2 Kh7 31. Re2 Qc7 32. Qd3 Kg8 33. Qf3 Qe7 34. Kg2 Rc5 35. Rd2 Rc6 36. Qe4 Rc5 37. Kh2 Rc6 38. b4 Rc7 39. Rc2 Rxc2 40. Qxc2 Qd7 41. Kg2 Ne7 42. Ne4 Kg7 43. Nf6 Qb7+ 44. Kh2 Nd5 45. Qe4 a5 46. b5 a4 47. Ne8+ Kf8 48. Nd6 Qd7 49. Qxa4 Ne7 50. Qa8+ Kg7 51. Ne8+ 1-0


[Site "https://www.chess.com"]

[Event "Titled Tuesday Blitz April 12 Late 2022"]
[White "O`Gorman, Tom"]
[Black "Gharibyan, Mamikon"]
[WhiteFideId "2508249"]
[BlackFideId "13308300"]
[WhiteElo "2247"]
[BlackElo "2254"]
[Result "0-1"]
[Round "10"]
[TimeControl "180+1"]
[Date "2022.04.12"]
[WhiteClock "0:01:28"]
[BlackClock "0:01:31"]

1. Nf3 d5 2. e3 g6 3. c4 c6 4. Nc3 Bg7 5. d4 Nf6 6. Be2 O-O 7. O-O Nbd7 8. b4 dxc4 9. Bxc4 b5 10. Be2 a5 11. bxa5 Qxa5 12. Bd2 b4 13. Nb1 Ne4 14. Be1 c5 15. Nbd2 Nc3 16. Nb3 Nxe2+ 17. Qxe2 Ba6 18. Nxa5 Bxe2 19. Nc6 Rfe8 20. Rc1 Bb5 21. dxc5 Bxc6 22. Bxb4 Rxa2 23. Rfd1 Rc8 0-1


[Site "https://www.chess.com"]

[Event "Titled Tuesday Blitz April 12 Late 2022"]
[White "Pesotskiy, Mikhail"]
[Black "Manolache, Marius"]
[WhiteFideId "34164453"]
[BlackFideId "1201530"]
[WhiteElo "2010"]
[BlackElo "2364"]
[Result "1/2-1/2"]
[Round "10"]
[TimeControl "180+1"]
[Date "2022.04.12"]
[WhiteClock "0:00:13"]
[BlackClock "0:00:33"]

1. d4 Nf6 2. c4 Nc6 3. Nc3 e6 4. d5 Ne5 5. e4 Ng6 6. Nf3 Bb4 7. Bd3 exd5 8. exd5 O-O 9. O-O Bxc3 10. bxc3 d6 11. h3 h6 12. Qc2 Nh7 13. Bxg6 fxg6 14. Qxg6 Bf5 15. Qg3 Qf6 16. Nd4 Bg6 17. Ne6 Rf7 18. Be3 b6 19. Bd4 Qf5 20. Rae1 Rc8 21. Re3 Ng5 22. Rfe1 Nxe6 23. dxe6 Re7 24. Rf3 Qc2 25. Rfe3 Rce8 26. R1e2 Qf5 27. Kh2 Rxe6 28. Rf3 Qb1 29. Rxe6 Rxe6 30. Qf4 Re8 31. Re3 Rxe3 32. Qxe3 Qe4 33. Qxe4 Bxe4 34. Kg3 Kf7 35. Kf4 Bxg2 36. h4 Bf1 37. Ke3 Bxc4 38. a3 g5 39. hxg5 hxg5 40. Kf3 Kg6 41. Kg3 Kf5 42. Be3 a5 43. Bc1 Be2 44. f3 Bd1 45. Bd2 a4 46. Be3 c5 47. Bd2 b5 48. Be3 g4 49. fxg4+ Bxg4 50. Bh6 Bh5 51. Bf8 Ke5 52. Kf2 Kd5 53. Ke3 Kc6 54. Kd2 d5 55. Kc1 d4 56. cxd4 cxd4 57. Kd2 Kd5 58. Bb4 Kc4 59. Bf8 Bg6 60. Bb4 d3 61. Bf8 Kb3 62. Bb4 Kb2 63. Bf8 b4 64. Bxb4 Kb3 65. Bf8 Kc4 66. Bb4 Kb3 67. Bf8 Kc4 68. Bb4 Kb3 1/2-1/2


[Site "https://www.chess.com"]

[Event "Titled Tuesday Blitz April 12 Late 2022"]
[White "Petrova, Irina"]
[Black "Foisor, Sabina-Francesca"]
[WhiteFideId "14124122"]
[BlackFideId "1212915"]
[WhiteElo "1993"]
[BlackElo "2243"]
[Result "1/2-1/2"]
[Round "10"]
[TimeControl "180+1"]
[Date "2022.04.13"]
[WhiteClock "0:00:25"]
[BlackClock "0:00:26"]

1. e4 c6 2. d4 d5 3. e5 Bf5 4. h4 h6 5. Nc3 e6 6. g4 Bg6 7. h5 Bh7 8. Bd3 Bxd3 9. Qxd3 a6 10. f4 c5 11. Nf3 Nc6 12. Be3 cxd4 13. Nxd4 Nxd4 14. Bxd4 Ne7 15. O-O-O Nc6 16. f5 Nxd4 17. Qxd4 Be7 18. fxe6 fxe6 19. Rdf1 Rf8 20. Qd3 Bg5+ 21. Kb1 Qe7 22. Qg6+ Kd7 23. a3 Rxf1+ 24. Rxf1 Rf8 25. Rxf8 Qxf8 26. Ka2 Ke7 27. Ne2 Qf7 28. Qd3 Kf8 29. c4 Qc7 30. cxd5 Qxe5 31. dxe6 Qxe6+ 32. Ka1 Kg8 33. Qf3 Bf6 34. Nf4 Qe5 35. Qb3+ Kh7 36. Ng6 Qe4 37. Nf8+ Kh8 38. Ng6+ Kh7 39. Nf8+ Kh8 40. Ng6+ Kh7 1/2-1/2


[Site "https://www.chess.com"]

[Event "Titled Tuesday Blitz April 12 Late 2022"]
[White "Petrovic, Aleksa"]
[Black "Zhou, Qiyu"]
[WhiteFideId "967629"]
[BlackFideId "505161"]
[WhiteElo "2198"]
[BlackElo "1925"]
[Result "1-0"]
[Round "10"]
[TimeControl "180+1"]
[Date "2022.04.13"]
[WhiteClock "0:00:19"]
[BlackClock "0:00:02"]

1. d4 Nf6 2. c4 e6 3. Nf3 b6 4. g3 Ba6 5. Qa4 c5 6. Bg2 Bb7 7. dxc5 Bxc5 8. O-O O-O 9. Rd1 Nc6 10. Nc3 a6 11. Bd2 Qc8 12. Be1 Rd8 13. Rac1 Qc7 14. a3 Be7 15. b4 d6 16. Qb3 Rac8 17. Nd5 exd5 18. cxd5 Qb8 19. dxc6 Bxc6 20. Nd4 Bxg2 21. Nf5 Bf8 22. Kxg2 Qb7+ 23. Qf3 d5 24. Bc3 Ne4 25. Bd4 b5 26. h4 Rc4 27. Nh6+ gxh6 28. Qg4+ Ng5 29. hxg5 Qd7 30. Qf4 Qe6 31. e3 hxg5 32. Qxg5+ Qg6 33. Qxd8 Qe4+ 34. Kh2 Qg6 35. Rxc4 bxc4 1-0


[Site "https://www.chess.com"]

[Event "Titled Tuesday Blitz April 12 Late 2022"]
[White "Petrovskyi, Vadym"]
[Black "Papp, Levente"]
[WhiteFideId "14165210"]
[BlackFideId "751243"]
[WhiteElo "2400"]
[BlackElo "2308"]
[Result "0-1"]
[Round "10"]
[TimeControl "180+1"]
[Date "2022.04.12"]
[WhiteClock "0:00:44"]
[BlackClock "0:00:20"]

1. e4 e6 2. d4 d5 3. Nc3 Bb4 4. e5 Ne7 5. a3 Bxc3+ 6. bxc3 b6 7. a4 Ba6 8. Ne2 c5 9. Ba3 Qc7 10. Qd2 Nbc6 11. f4 Na5 12. dxc5 bxc5 13. Ng3 Bxf1 14. Rxf1 h5 15. Qe3 Rc8 16. f5 Nc4 17. Qf4 h4 18. fxe6 fxe6 19. Nh5 Nf5 20. g4 hxg3 21. Nxg3 g6 22. Ne2 Nce3 23. Kd2 Rh4 24. Qg5 Qxe5 25. Rf4 Rxh2 26. Qxg6+ Kd7 27. Qf7+ Kc6 28. Re1 Qxf4 29. Bc1 Nc4+ 30. Kd1 Nfe3+ 31. Bxe3 Qxf7 32. Bc1 Qf3 33. a5 Rh1 34. Bh6 Rxe1+ 35. Kxe1 Qh1+ 36. Kf2 Qxh6 37. a6 Qe3+ 38. Ke1 Rh8 39. Kd1 Rh1+ 40. Ng1 Rxg1# 0-1


[Site "https://www.chess.com"]

[Event "Titled Tuesday Blitz April 12 Late 2022"]
[White "Pinheiro, Iung Alicio de O."]
[Black "Kazakouski, Valery"]
[WhiteFideId "2104350"]
[BlackFideId "13507443"]
[WhiteElo "2567"]
[BlackElo "2524"]
[Result "0-1"]
[Round "10"]
[TimeControl "180+1"]
[Date "2022.04.12"]
[WhiteClock "0:00:01"]
[BlackClock "0:00:32"]

1. c4 e6 2. g3 d5 3. Bg2 dxc4 4. Nf3 Nf6 5. O-O c6 6. a4 Na6 7. Qc2 b5 8. Ne5 Nb4 9. Qd1 Nfd5 10. b3 cxb3 11. Qxb3 Bb7 12. Bb2 Be7 13. e4 Nf6 14. d4 O-O 15. Rc1 Qb6 16. a5 Qa6 17. Nd2 Rfd8 18. Bc3 c5 19. dxc5 Nd3 20. Qc2 b4 21. Nxd3 bxc3 22. Nb4 cxd2 23. Nxa6 dxc1=Q+ 24. Rxc1 Bxa6 25. e5 Nd5 26. c6 Rac8 27. h4 Bb5 28. Be4 g6 29. Qb1 Rxc6 30. Rxc6 Bxc6 31. Qc2 Nb4 32. Qc4 Bxe4 33. Qxe4 Rd5 34. a6 Kg7 35. f4 h5 36. Qc4 Rc5 37. Qb3 Nxa6 38. Qb7 Nc7 39. Qxa7 Rc3 40. Kg2 Nd5 41. Qd7 Bb4 42. Qd8 Rc2+ 43. Kh3 Be1 44. g4 Nxf4# 0-1


[Site "https://www.chess.com"]

[Event "Titled Tuesday Blitz April 12 Late 2022"]
[White "Plazuelo Pascual, Juan"]
[Black "Narayanan.S.L"]
[WhiteFideId "32059566"]
[BlackFideId "5058422"]
[WhiteElo "2359"]
[BlackElo "2494"]
[Result "0-1"]
[Round "10"]
[TimeControl "180+1"]
[Date "2022.04.12"]
[WhiteClock "0:00:03"]
[BlackClock "0:00:27"]

1. e4 g6 2. d4 Bg7 3. Nc3 a6 4. h4 h5 5. Be3 d6 6. Nh3 Bxh3 7. Rxh3 Nd7 8. Qd2 Ngf6 9. O-O-O c6 10. Kb1 Qa5 11. Bd3 O-O-O 12. Rg3 Ng4 13. Bg5 Bxd4 14. Bxe7 Rde8 15. Bxd6 Nxf2 16. Rf1 Ng4 17. Bxa6 Bxc3 18. Bxb7+ Kxb7 19. Rxc3 Qa6 20. Rxf7 Kc8 21. Bg3 Nge5 22. Bxe5 Nxe5 23. Qd6 Nxf7 24. Rxc6+ Qxc6 25. Qxc6+ Kd8 26. Qxg6 Ne5 27. Qf6+ Kd7 28. Qg7+ Kc6 29. Qf6+ Kc7 30. Qg7+ Nd7 31. Qc3+ Kd8 32. a4 Rh6 33. Qg7 Ra6 34. b3 Rxe4 35. Qh8+ Kc7 36. Qxh5 Rc6 37. Qa5+ Nb6 38. Qa7+ Kc8 39. a5 Nd7 40. Qf2 Rf6 41. Qd2 Rxh4 42. Qc3+ Kd8 43. Qg3 Rh1+ 44. Kb2 Rhh6 45. Qg5 Rg6 46. Qd5 Rd6 47. Qa8+ Ke7 48. Qe4+ Rge6 49. Qh7+ Kd8 50. g4 Kc7 51. Qf5 Re5 52. Qf4 Rxa5 53. g5 Re5 54. b4 Rg6 55. Kb3 Rxg5 56. Qc4+ Kd6 57. Qd4+ Ke6 58. Qc4+ Ke7 59. Qf1 Rgf5 60. Qh3 Nf6 61. c3 Nd5 62. Qh7+ Kd6 63. Qg6+ Rf6 64. Qg8 Re3 65. Qd8+ Ke5 66. Qe8+ Re6 67. Qh8+ Kd6 68. Kb2 Rxc3 69. Qf8+ Kd7 70. Qf7+ Kd6 71. Qf8+ Ke5 72. Qg7+ Ke4 73. Qg4+ Ke5 74. Qg7+ Rf6 75. Qg2 Rc4 76. Qe2+ Re4 77. Qd2 Rxb4+ 78. Ka3 Ra6# 0-1


[Site "https://www.chess.com"]

[Event "Titled Tuesday Blitz April 12 Late 2022"]
[White "Prado, Alexandra"]
[Black "Hartikainen, Jarmo"]
[WhiteFideId "3301346"]
[BlackFideId "503134"]
[WhiteElo "1678"]
[BlackElo "2098"]
[Result "0-1"]
[Round "10"]
[TimeControl "180+1"]
[Date "2022.04.13"]
[WhiteClock "0:00:01"]
[BlackClock "0:00:18"]

1. e4 c5 2. Nf3 Nc6 3. c3 d5 4. exd5 Qxd5 5. d4 cxd4 6. cxd4 Bg4 7. Be2 e6 8. Nc3 Qa5 9. O-O Nf6 10. Qb3 Qb4 11. Qxb4 Bxb4 12. Bg5 Bxc3 13. bxc3 Ne4 14. Be3 Nxc3 15. Bd3 Rd8 16. Rfc1 Bxf3 17. gxf3 Nd5 18. Bb5 Ne7 19. Rc2 O-O 20. Rd1 Rd6 21. Rcd2 Rfd8 22. Bg5 f6 23. Bf4 Rxd4 24. Rxd4 Rxd4 25. Rxd4 Nxd4 26. Bb8 a6 27. Bd7 Kf7 28. Kg2 b5 29. Ba7 Ndc6 30. Bc5 Ne5 31. Bxe7 Kxe7 32. Bc8 a5 33. f4 Nc6 34. Kf3 Kd6 35. Ke4 Kc5 36. Bxe6 b4 37. Bg8 h6 38. Kf5 Ne7+ 39. Ke6 Nxg8 40. Kf7 a4 41. Kxg8 b3 42. axb3 axb3 43. Kxg7 b2 44. Kxf6 b1=Q 45. f5 Qc1 0-1


[Site "https://www.chess.com"]

[Event "Titled Tuesday Blitz April 12 Late 2022"]
[White "Prohorov, Olexandr"]
[Black "Guzman Moneo, Alberto"]
[WhiteFideId "14105578"]
[BlackFideId "2209616"]
[WhiteElo "1993"]
[BlackElo "2157"]
[Result "1-0"]
[Round "10"]
[TimeControl "180+1"]
[Date "2022.04.13"]
[WhiteClock "0:00:44"]
[BlackClock "0:00:07"]

1. Nf3 Nf6 2. c4 c5 3. Nc3 Nc6 4. g3 e5 5. Bg2 d6 6. O-O g6 7. e3 Bg7 8. d4 O-O 9. b3 Bg4 10. dxe5 dxe5 11. Qc2 Nb4 12. Qb1 Qd3 13. Qxd3 Nxd3 14. e4 Nxc1 15. Raxc1 Rfe8 16. Rcd1 h6 17. Rfe1 b6 18. h3 Bxf3 19. Bxf3 Rad8 20. Nb5 Rd4 21. Nxd4 exd4 22. Bg2 g5 23. e5 Nd7 24. Bc6 Re7 25. Bxd7 Rxd7 26. f4 gxf4 27. gxf4 Re7 28. Kf2 Kf8 29. Kf3 h5 30. Rg1 f6 31. Ke4 fxe5 32. f5 Bf6 33. Rg6 Kf7 34. Rdg1 Re8 35. Rh6 Rg8 36. Rxg8 1-0


[Site "https://www.chess.com"]

[Event "Titled Tuesday Blitz April 12 Late 2022"]
[White "Przybylski, Wojciech"]
[Black "Ambartsumova, Karina"]
[WhiteFideId "1117599"]
[BlackFideId "4166299"]
[WhiteElo "2133"]
[BlackElo "2262"]
[Result "1-0"]
[Round "10"]
[TimeControl "180+1"]
[Date "2022.04.12"]
[WhiteClock "0:00:36"]
[BlackClock "0:00:01"]

1. d4 Nf6 2. c4 e6 3. Nf3 d5 4. a3 dxc4 5. Nc3 c5 6. e3 Nc6 7. dxc5 Qxd1+ 8. Kxd1 Ng4 9. Ke1 Nge5 10. Ne4 b5 11. a4 Nxf3+ 12. gxf3 Nb4 13. Kd1 Bd7 14. Bd2 Nd5 15. axb5 Bxb5 16. b3 Nc7 17. bxc4 Bc6 18. Bd3 a6 19. Ke2 Rd8 20. Ba5 Rd7 21. Rhb1 Be7 22. Rb8+ Bd8 23. Nd6+ Ke7 24. Rb6 Ba8 25. Bb4 Kf6 26. Bc3+ Ke7 27. Bxg7 Rg8 28. Bd4 f6 29. f4 Rf8 30. Ne4 Ne8 31. c6 1-0


[Site "https://www.chess.com"]

[Event "Titled Tuesday Blitz April 12 Late 2022"]
[White "Quesada Perez, Yuniesky"]
[Black "Rozman, Levy"]
[WhiteFideId "3504409"]
[BlackFideId "2039877"]
[WhiteElo "2622"]
[BlackElo "2376"]
[Result "1-0"]
[Round "10"]
[TimeControl "180+1"]
[Date "2022.04.12"]
[WhiteClock "0:00:48"]
[BlackClock "0:00:12"]

1. e4 e6 2. d4 d5 3. e5 c5 4. c3 Qb6 5. Nf3 Bd7 6. Bd3 cxd4 7. Nxd4 Bc5 8. Qg4 Ne7 9. O-O Nbc6 10. Nxc6 Qxc6 11. Nd2 h5 12. Qg5 g6 13. Nb3 b6 14. Qf6 Rh7 15. Nxc5 bxc5 16. Bg5 Ng8 17. Qf4 Rb8 18. b3 Qc7 19. Rfe1 Rg7 20. Rad1 a5 21. Re3 a4 22. Rf3 Bc6 23. Bh6 Nxh6 24. Qxh6 Qxe5 25. Re3 Qxc3 26. Qh8+ Kd7 27. Qxb8 axb3 28. Bb5 1-0


[Site "https://www.chess.com"]

[Event "Titled Tuesday Blitz April 12 Late 2022"]
[White "Quintiliano Pinto, Renato R."]
[Black "Melkumyan, Hrant"]
[WhiteFideId "2117568"]
[BlackFideId "13302485"]
[WhiteElo "2439"]
[BlackElo "2604"]
[Result "1-0"]
[Round "10"]
[TimeControl "180+1"]
[Date "2022.04.12"]
[WhiteClock "0:00:13"]
[BlackClock "0:00:35"]

1. d4 Nf6 2. c4 g6 3. Nf3 Bg7 4. e3 O-O 5. Be2 c5 6. d5 d6 7. O-O e6 8. Nc3 exd5 9. cxd5 Bg4 10. Nd2 Bxe2 11. Qxe2 Re8 12. Rd1 Nbd7 13. a4 Ne5 14. h3 Rc8 15. Nc4 Nxc4 16. Qxc4 a6 17. Bd2 Qb6 18. Be1 Qb4 19. Qe2 Ne4 20. Nxe4 Qxe4 21. Bc3 Be5 22. a5 f5 23. Qd2 f4 24. exf4 Bxf4 25. Qd3 Kf7 26. Qf1 Qf5 27. Ra4 g5 28. Rd3 Kg6 29. Rf3 Re4 30. Rxe4 Qxe4 31. Qd1 Re8 32. g3 Be5 33. Re3 Qf5 34. Qe2 Kf6 35. Rf3 1-0


[Site "https://www.chess.com"]

[Event "Titled Tuesday Blitz April 12 Late 2022"]
[White "Reprintsev, Alexander"]
[Black "Broca Jimenez, Fernando"]
[WhiteFideId "14100541"]
[BlackFideId "5104742"]
[WhiteElo "2108"]
[BlackElo "2062"]
[Result "0-1"]
[Round "10"]
[TimeControl "180+1"]
[Date "2022.04.13"]
[WhiteClock "0:00:33"]
[BlackClock "0:00:19"]

1. e4 c5 2. b3 Nc6 3. Bb2 d6 4. Bb5 Bd7 5. Ne2 Nf6 6. f3 g6 7. d4 cxd4 8. Nxd4 Bg7 9. Nc3 O-O 10. Nxc6 bxc6 11. Bd3 Qb6 12. Qe2 c5 13. g4 Bc6 14. O-O-O a5 15. a4 Rab8 16. Bb5 Nd7 17. Bxc6 Qxc6 18. Nb5 Bxb2+ 19. Kxb2 c4 20. Qxc4 Qxc4 21. bxc4 Ne5 22. f4 Nxc4+ 23. Kb3 Ne3 24. Rdg1 Rfc8 25. c3 Nc4 26. Rg3 Nd2+ 27. Kc2 Nxe4 28. Re3 Nc5 29. Rxe7 Nxa4 30. Rb1 Nxc3 31. Nxd6 Nxb1+ 32. Nxc8 Rxc8+ 33. Kxb1 Rc4 34. f5 gxf5 35. gxf5 Rf4 36. Re5 a4 37. Kb2 h6 38. Ka3 Kg7 39. Re3 Kf6 40. Rh3 Kg5 41. f6 Rxf6 42. Kxa4 Rf4+ 43. Kb3 h5 44. Rg3+ Rg4 45. Rf3 f5 46. Kc3 Rg2 47. h3 f4 48. Kd4 Rg3 49. h4+ Kg4 50. Rf1 Rf3 51. Rh1 Re3 52. Rh2 Re8 53. Rf2 Kg3 54. Rf1 f3 55. Rg1+ Kh3 56. Rg5 f2 57. Rf5 Kg2 58. Rg5+ Kf1 59. Rxh5 Ke1 0-1


[Site "https://www.chess.com"]

[Event "Titled Tuesday Blitz April 12 Late 2022"]
[White "Romanchuk, Viktor"]
[Black "Olcayoz, Alper"]
[WhiteFideId "14109271"]
[BlackFideId "6300405"]
[WhiteElo "2242"]
[BlackElo "2255"]
[Result "0-1"]
[Round "10"]
[TimeControl "180+1"]
[Date "2022.04.13"]
[WhiteClock "0:02:19"]
[BlackClock "0:02:25"]

1. d4 Nf6 2. c4 e5 3. dxe5 Ne4 4. Nd2 Nc5 5. Ngf3 Nc6 6. b3 d6 7. Bb2 dxe5 8. Nxe5 Nxe5 9. Bxe5 Qe7 10. Bc3 Nd3# 0-1


[Site "https://www.chess.com"]

[Event "Titled Tuesday Blitz April 12 Late 2022"]
[White "Ronka, Erik"]
[Black "Bilych, Olexiy"]
[WhiteFideId "505080"]
[BlackFideId "14156504"]
[WhiteElo "2264"]
[BlackElo "2176"]
[Result "0-1"]
[Round "10"]
[TimeControl "180+1"]
[Date "2022.04.12"]
[WhiteClock "0:00:01"]
[BlackClock "0:00:13"]

1. d4 Nf6 2. Nf3 d5 3. g3 c5 4. Bg2 cxd4 5. O-O h6 6. b3 Nc6 7. Nxd4 e5 8. Nxc6 bxc6 9. c4 Be6 10. Bb2 Bd6 11. Nc3 Be7 12. cxd5 cxd5 13. Na4 e4 14. Qd4 O-O 15. Nc5 Bg4 16. Rfe1 Rc8 17. Rac1 Qb6 18. Na4 Qxd4 19. Bxd4 Ba3 20. Rxc8 Rxc8 21. f3 Bf5 22. Bc3 e3 23. g4 Bd7 24. Bd4 Bc1 25. Nc5 Bd2 26. Rb1 Bb5 27. Bf1 a5 28. a4 Be8 29. h4 Nd7 30. Nd3 f6 31. Kg2 Bg6 32. Rb2 Bxd3 33. exd3 Ne5 34. Be2 Kf7 35. f4 Nc6 36. Bc5 Nb4 37. d4 Ke6 38. Kf3 g5 39. f5+ Kd7 40. hxg5 hxg5 41. Bb5+ Kc7 42. Rb1 Rh8 43. Bxb4 axb4 44. a5 Rh2 45. a6 Kb6 46. Bd3 Ka7 47. Ra1 Bc3 48. Ra5 Bxd4 49. Rb5 Rf2+ 50. Kg3 Be5+ 0-1


[Site "https://www.chess.com"]

[Event "Titled Tuesday Blitz April 12 Late 2022"]
[White "Sadilek, Peter"]
[Black "Djokic, Mihailo"]
[WhiteFideId "1616439"]
[BlackFideId "976440"]
[WhiteElo "2145"]
[BlackElo "2202"]
[Result "0-1"]
[Round "10"]
[TimeControl "180+1"]
[Date "2022.04.12"]
[WhiteClock "0:00:03"]
[BlackClock "0:01:22"]

1. Nf3 Nf6 2. c4 g6 3. Nc3 Bg7 4. e4 d6 5. d4 O-O 6. Be2 e5 7. d5 a5 8. Bg5 h6 9. Bh4 g5 10. Bg3 Nh5 11. h4 Nf4 12. hxg5 hxg5 13. Qc2 f5 14. Bxf4 exf4 15. O-O-O Na6 16. Nd4 Bxd4 17. Rxd4 Qf6 18. Qd2 Nc5 19. g3 fxe4 20. Nxe4 Nxe4 21. Rxe4 Bf5 22. Bd3 Bxe4 23. Bxe4 Rae8 24. Qd3 fxg3 25. fxg3 Re7 26. Kb1 Rfe8 27. Bf5 Re1+ 28. Rxe1 Rxe1+ 29. Kc2 Re5 30. Be6+ Kg7 31. Kb3 Qf2 32. Ka4 Qxb2 33. Kxa5 Qxa2+ 34. Kb5 Qa6+ 35. Kb4 Qb6+ 36. Kc3 Re3 0-1


[Site "https://www.chess.com"]

[Event "Titled Tuesday Blitz April 12 Late 2022"]
[White "Sarana, Alexey"]
[Black "Holt, Conrad"]
[WhiteFideId "24133795"]
[BlackFideId "2034387"]
[WhiteElo "2666"]
[BlackElo "2586"]
[Result "1-0"]
[Round "10"]
[TimeControl "180+1"]
[Date "2022.04.12"]
[WhiteClock "0:00:17"]
[BlackClock "0:00:01"]

1. d4 d5 2. c4 c6 3. Nc3 dxc4 4. Nf3 Nf6 5. g3 g6 6. e4 Bg4 7. Be3 b5 8. h3 Bd7 9. e5 Nd5 10. Bg2 Na6 11. O-O Nab4 12. Ng5 Bg7 13. a3 Nxc3 14. bxc3 Nd5 15. Bxd5 cxd5 16. Qf3 Bf5 17. g4 Be6 18. Nxe6 fxe6 19. h4 Qa5 20. Bd2 Qa4 21. Ra2 Kd7 22. Rb1 a5 23. Kg2 Raf8 24. Qe2 Rb8 25. Be3 Rhf8 26. g5 Rh8 27. Qd2 h5 28. gxh6 Bf8 29. Bg5 Rh7 30. Kg3 Kc7 31. f3 Kd7 32. Kh3 Kc7 33. Be3 Kd7 34. Rg1 Qb3 35. Rxg6 b4 36. axb4 axb4 37. Ra7+ Ke8 38. Rxe6 1-0


[Site "https://www.chess.com"]